[Event "German Bundesliga 2022-23"]
[Site "Germany"]
[Date "2022.11.25"]
[Round "7.1"]
[White "Ivic, Velimir"]
[Black "McShane, Luke J"]
[Result "1-0"]
[ECO "E11"]
[WhiteElo "2560"]
[BlackElo "2637"]
[Annotator "TA"]
[PlyCount "77"]
[EventDate "2022.10.21"]
[EventType "team-tourn"]
[EventCountry "GER"]
[SourceTitle "playchess.com"]
[Source "ChessBase"]
[SourceQuality "1"]
[TimeControl "40/6000+30:3000+30"]

1. d4 Nf6 2. c4 e6 3. Nf3 Bb4+ 4. Nbd2 O-O 5. a3 Be7 6. e4 d6 {[%emt 0:00:05][%cal Oe6e5] E11: Bogo-Indian.} 7. Be2 Nfd7 {[%emt 0:04:17] is cutting edge theory.} 8. b4 e5 {[%emt 0:02:17] White has an edge.} 9. d5 a5 10. Bb2 axb4 11. axb4 Rxa1 12. Qxa1 c5 13. b5 {[%emt 0:01:18] [#]} Nb6 $146 ({Predecessor:} 13... Nf6 14. Qa7 Nbd7 15. O-O Nh5 16. g3 g6 17. Ne1 Ng7 18. Nd3 f5 19. f4 exf4 20. Nxf4 {0-1 (39) Kaczmarek,A (2124)-Bhambure,S (2314) Suwalki 2022}) 14. Qa7 Qc7 15. h3 {[%emt 0:17:44] Inhibits Bg4.} f5 16. O-O fxe4 17. Nxe4 Bf5 18. Nfd2 (18. Nfg5 {looks sharper.} N8d7 19. Qa3 Nf6 20. Qe3) 18... N8d7 {[%emt 0:02:01] [#] aiming for ...Ra8.} 19. Qa3 Qd8 20. Qe3 Bg6 21. f4 exf4 22. Rxf4 Rxf4 23. Qxf4 Qf8 24. Qg3 Kh8 25. h4 Nf6 26. Ng5 (26. Bxf6 $16 gxf6 27. Qf4) 26... Nbd7 27. Ne6 Qf7 28. Qe3 Nf8 (28... Bf5 $14) 29. g4 $16 {[%emt 0:05:22] Threatens to win with h5. White is much more active.} h6 30. h5 $36 {[%emt 0:09:07][%mdl 2048] White is on the roll.} Bh7 31. g5 hxg5 {[%emt 0:00:01][%mdl 8192] Loses the game.} (31... Nxh5 $16 32. Bxh5 (32. gxh6 Qg6+ 33. Kf1 Nxe6 $11) 32... Qxh5 33. Bxg7+ Kg8 34. Bxf8 (34. Bxh6 Qg4+ 35. Kf2 Nxe6 $11) 34... Bxf8) 32. Nxg5 $18 Qe8 33. h6 N8d7 34. hxg7+ Kxg7 35. Nxh7 {[%emt 0:00:31] And now Bd3 would win.} Kxh7 36. Bd3+ {[%emt 0:00:08] A strong pair of Bishops. White mates.} Kg7 37. Qg5+ Kf8 38. Qh6+ Kg8 {[%emt 0:00:06] [#]} 39. Bh7+ $1 {[%emt 0:00:06][%mdl 512] Weighted Error Value: White=0.06 (flawless) /Black=0.44} 1-0

[Event "German Bundesliga 2022-23"]
[Site "Germany"]
[Date "2022.11.25"]
[Round "7.2"]
[White "Areshchenko, Alexander"]
[Black "Brkic, Ante"]
[Result "1/2-1/2"]
[ECO "B92"]
[WhiteElo "2632"]
[BlackElo "2610"]
[Annotator "TA"]
[PlyCount "41"]
[EventDate "2022.10.21"]
[EventType "team-tourn"]
[EventCountry "GER"]
[SourceTitle "playchess.com"]
[Source "ChessBase"]
[SourceQuality "1"]
[TimeControl "40/6000+30:3000+30"]

1. e4 c5 2. Nf3 d6 3. d4 cxd4 4. Nxd4 Nf6 5. Nc3 a6 6. Be2 e5 7. Nb3 Be7 8. O-O O-O 9. Be3 Be6 10. Re1 $1 {[%emt 0:00:05][%mdl 4] is currently scoring better than 10.Qd2. B92: Sicilian Najdorf: 6 Be2.} Nbd7 11. a4 Qc7 12. a5 Rfc8 {[%emt 0:02:26] [#]} 13. Qd3 $146 ({Predecessor:} 13. Bf3 h6 14. h3 b5 15. axb6 Nxb6 16. Na5 Rab8 17. Bc1 Nc4 18. Nxc4 Bxc4 19. Be2 Bxe2 20. Rxe2 {1-0 (46) So,W (2774)-Shankland,S (2712) Saint Louis 2022}) 13... h6 14. Rec1 Nc5 15. Nxc5 dxc5 16. Qd1 c4 17. Na4 Nxe4 18. Nb6 Rd8 19. Qf1 Rab8 (19... c3 $5 20. Nxa8 Rxa8 $11) 20. Bxc4 Bxc4 21. Qxc4 {[%emt 0:13:18] A balanced but interesting game.   Weighted Error Value: White=0.05 (flawless) /Black=0.06 (flawless)} 1/2-1/2

[Event "German Bundesliga 2022-23"]
[Site "Germany"]
[Date "2022.10.21"]
[Round "7.2"]
[White "Jones, Gawain C B"]
[Black "Sedlak, Nikola"]
[Result "1/2-1/2"]
[ECO "B10"]
[WhiteElo "2626"]
[BlackElo "2472"]
[Annotator "TA"]
[PlyCount "94"]
[EventDate "2022.10.21"]
[EventType "team-tourn"]
[EventCountry "GER"]
[SourceTitle "playchess.com"]
[Source "ChessBase"]
[SourceQuality "1"]
[TimeControl "40/6000+30:3000+30"]

1. e4 c6 2. Nf3 d5 3. d3 Qc7 4. Nc3 dxe4 5. dxe4 e5 6. Bc4 {[%emt 0:00:12] B10: Caro-Kann: 2 d3 and 2 c4.} Bg4 (6... b5 $5 7. Bd3 Nf6 $11) 7. h3 Bh5 8. g4 {[%emt 0:06:13] White has an edge.} Bg6 9. Nh4 Nd7 10. Qf3 Nb6 {[%emt 0:05:15] [#]} 11. Bb3 $146 ({Predecessor:} 11. Nxg6 hxg6 12. Bb3 Nf6 13. a4 Bb4 14. a5 Nc8 15. Bg5 Nh7 16. Be3 Nd6 17. a6 {1-0 (37) Dragun,K (2561)-Liang,J (2367) Charlotte 2020}) 11... O-O-O 12. Bd2 Nf6 13. O-O-O Kb8 14. a3 Nbd7 15. Nxg6 fxg6 16. Qg2 Bd6 17. h4 Nc5 18. Ba2 Qe7 19. f3 Rd7 20. Be3 Rhd8 21. Qf2 {[%emt 0:00:39][%cal Od1d6] Strongly threatening Rxd6!} b6 22. h5 Nb7 (22... gxh5 $11 23. g5 (23. gxh5 h6 $11) 23... Ne8) 23. hxg6 $16 hxg6 24. b4 c5 25. g5 $36 {[%emt 0:02:27][%mdl 2048] Black is under strong pressure.} Ne8 26. Nd5 {[%emt 0:03:11] White has more active pieces. The black rooks are badly placed.} Qf8 {[%emt 0:00:06][%cal Rc5b4] [#]} 27. c3 Nc7 28. Kb1 Rc8 29. Rd3 Nxd5 30. Bxd5 (30. Rxd5 $6 Rf7 $11) 30... Qe7 {[%emt 0:04:58] Against Be6} 31. Rhd1 {[%emt 0:01:42] Black must now prevent Bxb7.} Rcc7 (31... Nd8 {keeps fighting.} 32. Qd2 Rdc7) 32. Bxb7 $18 Kxb7 33. Qd2 Qe6 34. Rd5 {[%emt 0:03:03] aiming for Kb2.} (34. Rxd6 Rxd6 35. Qxd6 Qb3+ 36. Ka1 Qxc3+ 37. Ka2 Qxe3 $11) 34... Kc8 35. Qd3 (35. Rxd6 Rxd6 36. Qxd6 Qb3+ 37. Ka1 Qxa3+ 38. Kb1 Qb3+ 39. Ka1 Qxc3+ 40. Kb1 Qb3+ 41. Ka1 Qxe3 42. Qd8+ (42. b5 $2 Qc3+ 43. Kb1 Qb3+ 44. Kc1 Qc3+ 45. Kb1 Qb4+ 46. Kc2 Qc4+ 47. Kb1 Qxb5+ 48. Kc1 Qc4+ 49. Kb1 Qb3+ 50. Kc1 Qc3+ 51. Kb1 Qb3+ 52. Kc1 Qc4+ 53. Kb2 Qb4+ 54. Kc1 Qc3+ 55. Kb1 Qb4+ 56. Kc1 Qc3+ $19) 42... Kb7 43. Qd5+ Ka6 44. Qc4+ Kb7 45. Qd5+ Rc6 46. Qd7+ (46. b5 Qc3+ 47. Kb1 Qb4+ 48. Kc2 Qxb5 $11) 46... Rc7 47. Qd5+ $11) 35... Be7 36. Qa6+ Kb8 {[%emt 0:00:09] [#]} 37. bxc5 (37. Kb2 $1 $16) 37... Bxc5 $14 38. Bxc5 (38. Bc1 $1 $14) 38... Rxc5 $11 39. c4 Rdxd5 (39... Ra5 $1 $11 40. Qxa5 (40. Rxa5 Rxd1+ 41. Kc2 Rd7 $11) 40... bxa5 41. Rxd7 Qxc4 42. Rd8+ Kb7 43. R8d7+ Kc6) 40. Rxd5 {[%emt 0:00:07][%mdl 4096] Endgame KQR-KQR} (40. cxd5 $14 Qe7 41. d6) 40... Qh3 {[%emt 0:03:37] The position is equal.} 41. Qa4 Qf1+ 42. Rd1 Qxf3 43. Rd8+ ({Much worse is} 43. Qe8+ Kb7 44. Qd7+ Ka6 $17) 43... Kb7 44. Rd7+ $1 Kc8 45. Rxa7 Qxe4+ 46. Kb2 Qd4+ 47. Kb1 {[%emt 0:00:06] Intending Qa6+ and mate. Really sharp!} Qd3+ {[%emt 0:00:06] Blacks defense is rewarded with a draw.  Weighted Error Value: White=0.10 (very precise) /Black=0.13 (very precise)} 1/2-1/2

[Event "German Bundesliga 2022-23"]
[Site "Germany"]
[Date "2022.11.25"]
[Round "7.3"]
[White "Markus, Robert"]
[Black "Efimenko, Zahar"]
[Result "1/2-1/2"]
[ECO "E04"]
[WhiteElo "2608"]
[BlackElo "2583"]
[Annotator "TA"]
[PlyCount "57"]
[EventDate "2022.10.21"]
[EventType "team-tourn"]
[EventCountry "GER"]
[SourceTitle "playchess.com"]
[Source "ChessBase"]
[SourceQuality "1"]
[TimeControl "40/6000+30:3000+30"]

1. d4 Nf6 2. c4 e6 3. Nf3 d5 4. g3 dxc4 5. Bg2 c5 6. O-O Nc6 7. Qa4 Bd7 8. Qxc4 cxd4 9. Nxd4 Rc8 10. Nc3 Nxd4 {[%emt 0:01:05] E04: Open Catalan: 5 Nf3.} 11. Qxd4 Bc5 12. Qf4 Qb6 (12... Bc6 {seems wilder.} 13. Rd1 Qb6 14. Bxc6+ Qxc6 15. Be3 O-O) 13. Na4 Bxa4 14. Qxa4+ Ke7 $1 15. e3 {[%emt 0:23:38] [#]} Rhd8 $146 ({Predecessor:} 15... Rc7 16. a3 Bd6 17. Rb1 Rhc8 18. Bd2 Rc4 19. Qd1 Kf8 20. Bc3 Be7 21. Qd3 Qc7 {1-0 (52) Schubert,V (2228)-Salonen,J (1859) LSS email 2018}) 16. b3 Bb4 17. Ba3 a5 18. Bxb4+ axb4 (18... Qxb4 {simplifies} 19. Qxb4+ axb4 20. Bxb7 Rc2) 19. a3 bxa3 20. Qxa3+ Ke8 21. Rfd1 h6 22. h3 Qb5 23. Rxd8+ Rxd8 24. Rc1 Nd5 {[%emt 0:01:48] Against Rc7} 25. Bxd5 ({White should try} 25. Rc4 $14) 25... Qxd5 $11 {[%emt 0:03:18] The position is equal.} 26. Rc7 {[%emt 0:00:38][%csl Gc7][%cal Ra3e7] [#]} Rd7 {[%emt 0:01:48] Prevents Qe7+.} 27. Rc8+ Rd8 28. Rc7 Rd7 {[%emt 0:00:05] Prevents Qe7+.} 29. Rc8+ {[%emt 0:00:22] Weighted Error Value: White=0.10 (very precise) /Black=0.08 (flawless)} 1/2-1/2

[Event "German Bundesliga 2022-23"]
[Site "Germany"]
[Date "2022.10.21"]
[Round "7.3"]
[White "Delchev, Aleksander"]
[Black "Saric, Ivan"]
[Result "0-1"]
[ECO "B22"]
[WhiteElo "2503"]
[BlackElo "2668"]
[Annotator "TA"]
[PlyCount "112"]
[EventDate "2022.10.21"]
[EventType "team-tourn"]
[EventCountry "GER"]
[SourceTitle "playchess.com"]
[Source "ChessBase"]
[SourceQuality "1"]
[TimeControl "40/6000+30:3000+30"]

1. e4 c5 2. c3 Nf6 3. e5 Nd5 4. Bc4 Nb6 5. Bb3 d6 6. exd6 Qxd6 7. Na3 a6 8. Ne2 Nc6 9. O-O Bf5 10. d4 cxd4 11. Nxd4 Nxd4 12. cxd4 e6 {[%emt 0:00:12] B22: Sicilian: 2 c3.} 13. Qf3 Qc6 (13... Qxd4 $2 14. Be3 Qe4 15. Qxe4 Bxe4 16. Bxb6 $18) 14. Qg3 {[%emt 0:02:02] is currently scoring better than 14.Qxc6+.} Bxa3 {[%emt 0:03:21] The position is equal.} 15. bxa3 {[%emt 0:00:04] aiming for Bb2.} O-O 16. Bh6 Bg6 17. Rac1 Qe4 18. Rfe1 Qd3 {[%emt 0:02:08] [#]} 19. Bf4 $146 ({Predecessor:} 19. Be3 Nd5 20. Bxd5 exd5 21. Qd6 Be4 22. Bf4 Rfe8 23. Qb4 {½-½ (23) Mamedov,R (2656)-Petkov,M (2496) Konya 2022}) 19... Nd5 20. Bd6 {[%emt 0:09:55] And now Qxd3 would win.} Rfd8 21. Bxd5 exd5 22. Be7 Rdc8 23. Rxc8+ Rxc8 24. Bc5 Qd2 25. Qe5 {[%emt 0:01:52][%cal Oe5e8] White wants to mate with Qe8+!} (25. Bb4 $5 Qxd4 26. Qc7 $11) 25... h6 26. h4 b6 (26... Be4 $5 27. Bb4 Qxa2 $17) 27. Bb4 Qxa2 28. h5 Be4 29. f3 Bd3 30. Qf4 Qc2 31. Kh2 Bf5 32. Re7 Be6 33. Bd6 Qf5 34. Qxf5 Bxf5 $11 {[%emt 0:00:03][%mdl 4096] Endgame KRB-KRB} 35. g4 Bd3 36. Rc7 Ra8 37. Rb7 b5 38. Rb8+ (38. Bb4 $11 {remains equal.}) 38... Rxb8 $17 39. Bxb8 {[%emt 0:00:02] [#] KB-KB} a5 $1 40. Bd6 {[%emt 0:00:02] [#] Against b4} b4 $1 41. axb4 a4 {[%emt 0:50:03] Strongly threatening ...a3.} 42. b5 Bxb5 43. Kg3 Be2 44. Kf2 Bd1 45. Ke3 $2 {[%emt 0:00:00][%mdl 8192] Loses the game.} (45. Kg3 $17) 45... g5 $19 {[%emt 0:00:00] White must now prevent ...f6.} 46. Kf2 f5 47. gxf5 Kf7 48. Kg3 Kf6 49. Kg4 Bc2 50. Bf8 Bxf5+ 51. Kg3 Bd7 52. f4 g4 53. f5 Kxf5 54. Bxh6 a3 {[%emt 0:00:00][%cal Ba4a3,Ba3a2][%mdl 32] Black mates.} 55. Bc1 a2 56. Bb2 Kg5 {[%emt 0:00:00] Weighted Error Value: White=0.65/Black=0.11 (very precise)} 0-1

[Event "German Bundesliga 2022-23"]
[Site "Germany"]
[Date "2022.11.25"]
[Round "7.4"]
[White "Edouard, Romain"]
[Black "Stevic, Hrvoje"]
[Result "0-1"]
[ECO "D20"]
[WhiteElo "2548"]
[BlackElo "2543"]
[Annotator "TA"]
[PlyCount "134"]
[EventDate "2022.10.21"]
[EventType "team-tourn"]
[EventCountry "GER"]
[SourceTitle "playchess.com"]
[Source "ChessBase"]
[SourceQuality "1"]
[TimeControl "40/6000+30:3000+30"]

1. d4 d5 2. c4 dxc4 3. e4 e5 4. Nf3 Bb4+ 5. Nc3 Nf6 6. Bxc4 {[%emt 0:15:15] D20: Queen's Gambit Accepted: 3 e3 and 3 e4.} (6. Nxe5 $5 O-O 7. Bxc4 $14) 6... exd4 7. Nxd4 O-O 8. f3 {[%emt 0:02:28] Inhibits Bg4. The position is equal.} Qe7 9. Qe2 Rd8 (9... Qe5 $5 10. Be3 c5 $11) 10. Be3 c5 11. Nc2 Bxc3+ 12. bxc3 Nc6 13. O-O Ne5 {[%emt 0:04:17] [#]} 14. Bb3 $146 ({Predecessor:} 14. Rfd1 Rxd1+ 15. Rxd1 Nxe4 16. Bf4 Nxc4 17. Qxc4 Nf6 18. Bd6 Qe8 19. Bxc5 Be6 20. Qe2 {0-1 (58) Ahlander,B (2421)-Vorobiov,E (2556) Teplice 2019}) 14... b6 15. c4 Be6 16. Bc1 Nd3 17. e5 Bf5 (17... Ne8 {simplifies} 18. Rd1 Bf5 19. g4 Nxc1 20. Raxc1 Bxc2 21. Bxc2 Nc7) 18. f4 Ne4 $2 (18... Bg4 $11 {and Black has nothing to worry.} 19. Qe3 Nh5) 19. Ne3 $18 Nc3 (19... g6 $16 {might work better.}) 20. Qc2 Nxc1 21. Nxf5 N1e2+ 22. Kh1 Qe6 23. Rae1 $1 a5 24. a4 $1 (24. Rxe2 Nxe2 25. Nxg7 Ng3+ 26. hxg3 Qh6+ 27. Kg1 Qxg7 $17) (24. Nd6 a4 25. Bxa4 Rxa4 $17) 24... b5 (24... Nd4 {was called for.} 25. Nxd4 cxd4) 25. cxb5 (25. Rxe2 Nxe2 26. cxb5 (26. Qxe2 Qxf5 27. Bc2 Qe6 $11) 26... Qd7 $18) 25... c4 26. Ba2 Nxa2 27. Rxe2 Nb4 28. Qe4 c3 29. Nd6 {[%emt 0:01:11] Inhibits Rac8. aiming for f5.} Qd5 30. b6 {[%emt 0:12:17] Inhibits Ra7.} Rab8 31. b7 $1 Qxe4 (31... Rd7 $16) 32. Rxe4 (32. Nxe4 Rd3 33. Rc1 c2 34. Rexc2 (34. Nf2 $2 Rdd8 $19) 34... Nxc2 $19) 32... c2 33. Rc4 f6 34. Rc8 (34. Kg1 $18) 34... Rdxc8 (34... Kf8 $16 {was worth a try.} 35. g3 Ke7) 35. bxc8=Q+ (35. bxc8=B $2 Nd3 36. Be6+ Kf8 $19) 35... Rxc8 36. Nxc8 {[%emt 0:00:09] And now Rc1 would win.} Nd3 {[%emt 0:00:03][%cal Od3f2] Prevents Rc1. Threatens to win with ...Nf2+!} 37. exf6 $4 {[%emt 0:06:46][%mdl 8192] [#]} (37. Ne7+ $2 Kf8 38. Nf5 Nf2+ $1 39. Kg1 Nd1 $19) (37. e6 $1 $18 {and all is fine.}) 37... Nf2+ $1 $19 38. Kg1 Nd1 39. Ne7+ Kf7 40. fxg7 Kxg7 41. Nf5+ Kf7 42. Ne3 c1=Q (42... c1=B $2 43. Nxd1 Kg8 44. g3 $18) 43. Nxd1 {[%emt 0:00:02][%mdl 4096] Endgame KQ-KRN} Qa3 44. Rf3 Qc1 45. Rf1 Qa1 46. g3 Qxa4 47. Nb2 Qe4 ({But not} 47... Qd4+ $2 48. Rf2 $19) 48. f5 h5 {[%emt 0:00:00] Strongly threatening ...h4.} 49. Rf2 h4 50. gxh4 Kf6 51. h5 a4 52. Nxa4 Qxa4 {[%emt 0:00:00] KQ-KR} 53. h6 Qg4+ 54. Kf1 Qh3+ 55. Kg1 Qxh6 56. Kh1 Qc1+ 57. Kg2 Qc6+ 58. Kg1 Qd5 59. Rf1 Kg5 {[%emt 0:00:00] White must now prevent ...Kg4.} 60. f6 (60. Rf2 $142) 60... Kg4 {[%emt 0:00:00] ( -> ...Kh3)} 61. Kf2 Qd2+ 62. Kg1 Qd4+ 63. Kg2 Qe4+ 64. Kf2 Kh3 65. f7 Qe7 $1 ({Not} 65... Kxh2 66. f8=Q (66. f8=R Qd4+ 67. Kf3 Qe5 $11) 66... Qd4+ 67. Kf3 Qd3+ 68. Kg4 $11) 66. Kg1 {[%emt 0:00:00] Hoping for Rf3+.} Qe2 {[%emt 0:00:00][%csl Gh3][%cal Re2h2] Prevents Rf3+.} 67. Rf2 Qg4+ {[%emt 0:00:04] Weighted Error Value: White=0.35/Black=0.27 (precise)} 0-1

[Event "German Bundesliga 2022-23"]
[Site "Germany"]
[Date "2022.10.21"]
[Round "7.4"]
[White "Martinovic, Sasa"]
[Black "Stojanovic, Dalibor"]
[Result "1-0"]
[ECO "E14"]
[WhiteElo "2546"]
[BlackElo "2472"]
[Annotator "TA"]
[PlyCount "107"]
[EventDate "2022.10.21"]
[EventType "team-tourn"]
[EventCountry "GER"]
[SourceTitle "playchess.com"]
[Source "ChessBase"]
[SourceQuality "1"]
[TimeControl "40/6000+30:3000+30"]

1. d4 Nf6 2. c4 e6 3. Nf3 Bb4+ 4. Nbd2 b6 5. a3 Bxd2+ 6. Nxd2 d5 7. e3 O-O 8. Bd3 Bb7 9. O-O Nbd7 {[%emt 0:08:36] E14: Queen's Indian: Classical Variation (4 e3).} 10. b3 {[%emt 0:08:27] [#]} Re8 $146 ({Predecessor:} 10... c5 11. Bb2 cxd4 12. exd4 Ne4 13. Re1 Ndf6 14. f3 Nxd2 15. Qxd2 Rc8 16. Rac1 dxc4 17. bxc4 {1-0 (38) Ahman,H-Heemsoth,H GER corr 1982}) 11. Bb2 e5 {[%emt 0:06:44] White is slightly better.} 12. dxe5 Nxe5 13. Be2 dxc4 14. Nxc4 Nxc4 15. Bxc4 Qe7 16. Qc2 Rad8 17. Rfd1 Ne4 18. Rxd8 Rxd8 19. Rd1 {[%emt 0:00:24] Against Rd2} h6 20. Bf1 Rxd1 21. Qxd1 Qh4 22. Qc2 Qd8 23. b4 Qd2 24. Qxd2 Nxd2 $11 {[%emt 0:00:05][%mdl 4096] Endgame KBB-KBN} 25. Bd3 Bd5 26. f3 (26. Bc3 $5 Ne4 27. Be5 $14) 26... Nc4 27. Bc1 a5 28. e4 Be6 29. bxa5 bxa5 30. Kf2 Kf8 31. Ke2 Ke7 32. Bc2 g5 33. Kd3 f6 34. Kc3 Ne5 35. Bd1 Bf7 36. Be2 c5 37. Be3 Kd6 38. g3 h5 ({Black should play} 38... Bh5) 39. f4 $16 gxf4 40. gxf4 ({Don't take} 40. Bxf4 $6 Bg6 $14) 40... Nd7 41. Bb5 {[%emt 0:07:53] White is more active.} Nb6 42. Bd2 Ba2 43. Kd3 f5 $2 {[%emt 0:15:24] [#] A mistake that costs the game.} (43... Bb1+ $16 44. Ke3 Ba2 45. Bxa5 Nc4+ 46. Bxc4 Bxc4) 44. e5+ $1 $18 Ke6 45. Bxa5 c4+ $2 (45... Bb1+ 46. Kd2 Nd5) 46. Kd4 {[%emt 0:01:25] White is clearly winning.} Nd5 47. Bd2 {[%emt 0:01:33] This bishop pair is nice.} c3 48. Bc1 Bb3 49. a4 c2 50. a5 Nc7 51. Bd3 Nd5 52. a6 Nb4 53. a7 Bd5 54. Bc4 {[%emt 0:02:24] Weighted Error Value: White=0.06 (flawless) /Black=0.26 (precise)} 1-0

[Event "German Bundesliga 2022-23"]
[Site "Germany"]
[Date "2022.10.21"]
[Round "7.5"]
[White "Bogosavljevic, Boban"]
[Black "Prusikin, Michael"]
[Result "1/2-1/2"]
[ECO "D02"]
[WhiteElo "2533"]
[BlackElo "2517"]
[Annotator "TA"]
[PlyCount "140"]
[EventDate "2022.10.21"]
[EventType "team-tourn"]
[EventCountry "GER"]
[SourceTitle "playchess.com"]
[Source "ChessBase"]
[SourceQuality "1"]
[TimeControl "40/6000+30:3000+30"]

1. Nf3 d5 2. g3 Nd7 3. d4 Nb6 4. Nc3 Bf5 5. Nh4 Bg4 6. h3 {[%emt 0:01:07] D02: 1 d4 d5 2 Nf3 sidelines, including 2...Nf6 3 g3 and 2...Nf6 3 Bf4.} Bh5 7. Ng2 e6 8. Nf4 {[%emt 0:00:46] [#] White has an edge.} Nf6 $146 ({Predecessor:} 8... Bg6 9. Bg2 Nf6 10. a3 c6 11. Nxg6 hxg6 12. e4 a6 13. e5 Nfd7 14. Ne2 c5 {1-0 (38) Fedoseev,V (2704)-Indjic,A (2605) Chess.com INT 2022}) 9. Nxh5 Nxh5 10. e4 Nf6 11. exd5 (11. Bd3 {is more complex.} Bb4 12. e5 Ne4 13. Qg4) 11... exd5 12. Bd3 Be7 13. Qf3 O-O 14. O-O Re8 15. Re1 c6 16. Re2 Nfd7 17. Bd2 (17. Bxh7+ $2 Kxh7 18. Qxf7 Bf6 $19) 17... Bf6 18. Rae1 Rxe2 19. Nxe2 Nc4 20. Bc3 Nd6 21. Nf4 g6 22. h4 Bg7 23. Kg2 Nf6 24. h5 Nde4 25. hxg6 hxg6 26. Rh1 Qd7 27. Be1 Re8 28. c3 Ng5 {[%emt 0:06:35] Pair of Knights!} 29. Qd1 Nfe4 30. f3 Nd6 31. Bf2 Ne6 32. Qc1 Nxf4+ 33. Qxf4 Re6 34. Re1 Rxe1 35. Bxe1 Qe6 36. Bf2 Bf6 37. g4 Kg7 38. Qc1 Be7 39. Qf4 Bf6 40. b3 a6 41. Bg3 Nb5 42. Qc1 Be7 43. a4 Nd6 44. c4 Ne8 45. c5 Bd8 46. b4 Bc7 47. Bf2 Nf6 48. Qe3 Qd7 49. Qe2 Nh7 50. Be3 Nf8 51. f4 Ne6 52. Qf3 Qe7 53. g5 Bb8 54. b5 axb5 55. axb5 cxb5 56. Bxb5 Qc7 57. f5 gxf5 {[%emt 0:01:46] With the idea ...Qh2+.} 58. Bd3 Qh2+ 59. Kf1 f4 60. Bf2 Nxg5 61. Qxd5 Qh3+ 62. Ke1 ({Don't go for} 62. Ke2 $2 Qh5+ 63. Kd2 Nf3+ 64. Qxf3 Qxf3 $19) 62... Qxd3 63. Qxg5+ $11 {[%emt 0:00:01][%mdl 4096] Endgame KQB-KQB} Qg6 64. Bh4 Qxg5 65. Bxg5 {[%emt 0:00:02] KB-KB} Kg6 66. Bd8 (66. Be7 $11) 66... Kf5 $15 {[%emt 0:00:46] [#] Strongly threatening ...Ke4.} 67. d5 $1 Ke5 (67... Ba7 $15 68. c6 bxc6 69. dxc6 Ke6) 68. c6 (68. d6 $11 Ke6 69. Bh4) 68... bxc6 ({Reject} 68... Kxd5 69. c7 Bxc7 70. Bxc7 $11) 69. dxc6 Kd6 {[%emt 0:00:09] Prevents c7.} 70. Kf2 Kxc6 {[%emt 0:00:08] Weighted Error Value: White=0.05 (flawless) /Black=0.05 (flawless)} 1/2-1/2

[Event "German Bundesliga 2022-23"]
[Site "Germany"]
[Date "2022.11.25"]
[Round "7.5"]
[White "Jovanovic, Zoran"]
[Black "Hracek, Zbynek"]
[Result "1/2-1/2"]
[ECO "C47"]
[WhiteElo "2513"]
[BlackElo "2548"]
[Annotator "TA"]
[PlyCount "48"]
[EventDate "2022.10.21"]
[EventType "team-tourn"]
[EventCountry "GER"]
[SourceTitle "playchess.com"]
[Source "ChessBase"]
[SourceQuality "1"]
[TimeControl "40/6000+30:3000+30"]

1. e4 e5 2. Nf3 Nc6 3. Nc3 Nf6 4. d4 exd4 5. Nxd4 Bb4 6. Nxc6 bxc6 7. Bd3 d5 8. Bd2 O-O 9. O-O {[%emt 0:06:33] The position is equal.} Bxc3 {[%emt 0:04:11] C47: Scotch Four Knights and Four Knights with 4 g3.} (9... Bd6 {looks sharper.} 10. Bg5 h6 11. Bh4 Rb8) 10. Bxc3 dxe4 $1 {[%emt 0:00:09][%mdl 4] is currently scoring better than 10...Nxe4.} 11. Bxf6 {[%emt 0:06:26][%mdl 64] [#] Remove Defender} Qxf6 12. Bxe4 Qxb2 13. Bxc6 Rb8 14. Rb1 Qxb1 15. Qxb1 Rxb1 16. Rxb1 $11 {[%emt 0:00:21][%mdl 4096] Endgame KRB-KRB} Rd8 17. Bf3 Kf8 {[%emt 0:05:06] [#]} 18. h4 $1 $146 {[%emt 0:05:02][%mdl 8] A relevant novelty.} ({Predecessor:} 18. Rb8 Re8 19. h4 Ba6 20. Rb4 Re1+ 21. Kh2 Re5 22. Ra4 Be2 23. Kg3 Bxf3 24. Kxf3 {½-½ (34) Liang,A (2608)-So,W (2774) Saint Louis 2022}) 18... Ke7 19. Rb8 Bf5 20. Rb5 Bxc2 21. Re5+ Kf6 22. Rc5 Bb1 23. Rxc7 Bxa2 24. Rxa7 Ke5 $2 {[%emt 0:00:12][%mdl 40960] Weighted Error Value: White=0.01 (flawless) /Black=0.00 (flawless) . An unexpected result.} 1/2-1/2